 Dungeon Crawl Stone Soup version 0.31.0-9-g3a7656b989 (webtiles) character file.

Game seed: 9776812349102438217

235 qw the Shooter (level 5, -3/26 HPs)
             Began as a Spriggan Hunter on Feb 2, 2024.
             Was an Initiate of Okawaru.
             Killed by divine providence
             ... invoked by an orc priest
              (9 damage)
             ... on level 4 of the Dungeon.
             The game lasted 00:00:13 (2972 turns).

qw the Shooter (Spriggan Hunter)                    Turns: 2972, Time: 00:00:14

Health: -3/26      AC:  2    Str:  7    XL:     5   Next: 76%
Magic:  6/6        EV: 21    Int: 10    God:    Okawaru [......]
Gold:   143        SH:  0    Dex: 21    Spells: 4/4 levels left

rFire   . . .        a - +1 shortbow
rCold   + . .        (shield currently unavailable)
rNeg    . . .        c - +0 robe
rPois   .            (helmet restricted)
rElec   .            (no cloak)
rCorr   .            (gloves unavailable)
SInv    +            (boots unavailable)
Will    .....        (no amulet)
Stlth   ++           j - ring of protection from cold
HPRegen 0.24/turn    (no ring)
MPRegen 0.10/turn

%: no passive effects
@: about to teleport, weakened, very quick
A: very small, no large weapons, unfitting armour, see invisible, speed 3
a: Renounce Religion


You were on level 4 of the Dungeon.
You worshipped Okawaru.
Okawaru was noncommittal.
You visited 2 branches of the dungeon, and saw 5 of its levels.

You collected 143 gold pieces.


Innate Abilities, Weirdness & Mutations

You are very small and have problems with some larger weapons.
You are too small for most types of armour.
You have supernaturally acute eyesight. (SInv)
You cover ground extremely quickly. (Speed+++)


   Skills:
 - Level 2.0 Fighting
 + Level 5.9 Ranged Weapons
 - Level 5.3 Dodging
 - Level 1.5 Stealth


You had 4 spell levels left.
You didn't know any spells.
Your spell library was empty.

Inventory:

Hand Weapons
 a - a +1 shortbow (weapon)
Armour
 c - a +0 robe (worn)
Jewellery
 j - a ring of protection from cold (left hand)
Scrolls
 m - a scroll of noise {unknown}
Potions
 b - 3 potions of might
 d - a potion of curing
 e - a potion of resistance
 f - 3 potions of enlightenment
 g - a potion of heal wounds
 h - a potion of mutation
 k - a potion of lignification {unknown}
 l - a potion of attraction {unknown}
 n - a potion of degeneration {unknown}

Dungeon Overview and Level Annotations

Branches:
Dungeon (4/15)             Temple (1/1) D:4

Altars:
Ashenzari
Cheibriados
Dithmenos
Elyvilon
Fedhas
Gozag
Hepliaklqana
Kikubaaqudgha
Nemelex Xobeh
Okawaru
Ru
Sif Muna
Uskayaw
Vehumet
Wu Jian
Yredelemnul

Annotations:
D:3 3 runed translucent doors, qw's ghost, amateur DEHu


Message History

The gnoll hits you from afar with a +0 halberd.
You shoot an arrow. The arrow barely misses the gnoll.
The arrow barely misses the orc priest.
The orc priest shouts!
The gnoll closely misses you.
Enter note:
Enter note:
2967 ||| RETREEEEATING.
An orc priest comes into view. It is wielding a +0 short sword.
The orc priest shouts!
The gnoll misses you.
You shoot an arrow. The arrow hits the gnoll!
You kill the gnoll!
Okawaru accepts your kill.
You shoot an arrow.
The arrow hits the gnoll bouda but does no damage.
The gnoll bouda calls upon its god to heal the gnoll.
The gnoll is healed somewhat.
You shoot an arrow. The arrow hits the gnoll bouda.
The gnoll bouda is moderately wounded.
The gnoll bouda hits you with a +0 whip.
You shoot an arrow.
The arrow closely misses the gnoll bouda.
The arrow closely misses the orc priest.
The arrow hits the orc priest!
The orc priest is heavily wounded.
The gnoll bouda barely misses you.
The orc priest calls down the wrath of Beogh upon you.
Beogh smites you!
The gnoll bouda gazes fiercely through you!
You feel your attacks grow feeble. The gnoll bouda misses you.
2972 ||| READING scroll of teleportation.
As you read the scroll of teleportation, it crumbles to dust.
You feel strangely unstable.
The orc priest calls upon Beogh to heal the orc priest.
The orc priest is healed somewhat.
The orc priest mumbles some strange prayers to Beogh against you.
Beogh smites you!
You die...

##.. ..........# .....
..##.....#.#
##...##)##.....#.#
............#..#.#
...............#.# #
..#######.)......#.# .#
.g.g....)...o.#..#.###.#
.og.........og####.#...#
.o.!.#......oog@.....#.# ....
#......og####...#.######### .#
#..........#.................
...#######..#.................
#.#. .......#.............. .
. .(.....#.............. .#
......#.#.#............
........###.....<.......
...#...#...#....[.....


You could see a gnoll bouda, 4 orc priests, a gnoll (swift), an orc and a
goblin.

Vanquished Creatures
  Natasha (thrice) (D:2)
  3 gnolls (D:4)
  5 adders
  2 dart slugs (D:1)
  2 ribbon worms (D:2)
  2 orcs
  9 endoplasms
  3 giant cockroaches
  7 goblins
  5 hobgoblins
  2 jackals (D:3)
  3 quokkas
  5 ball pythons
  16 bats
  2 frilled lizards (D:1)
  5 kobolds
  8 rats
82 creatures vanquished.

Notes
Turn   | Place    | Note
-------+----------+-------------------------------------------
     0 | D:1      | qw the Spriggan Hunter began the quest for the Orb.
     0 | D:1      | Reached XP level 1. HP: 10/10 MP: 2/2
     0 | D:1      | 0 ||| qw: Version: 0.3-a-155-g5e7d8dd
     0 | D:1      | 0 ||| qw: Game counter: 2028
     0 | D:1      | 0 ||| qw: Melee chars always use a shield: true
     0 | D:1      | 0 ||| qw: God list: Okawaru
     0 | D:1      | 0 ||| qw: Allow faded altars: false
     0 | D:1      | 0 ||| qw: Do Orc after clearing Dungeon:15 true
     0 | D:1      | 0 ||| qw: Do second Lair branch before Depths: true
     0 | D:1      | 0 ||| qw: Lair rune preference: random
     0 | D:1      | 0 ||| qw: Goals: Normal
     0 | D:1      | 0 ||| PLANNING D:1-11
    36 | D:1      | Reached skill level 3 in Dodging
    73 | D:1      | Reached XP level 2. HP: 14/14 MP: 3/3
   567 | D:1      | 567 ||| READING scroll labelled JAXASOIMMA.
   572 | D:1      | 572 ||| READING scroll labelled MOTHRY ZYBUHUAWN.
   573 | D:1      | 573 ||| DROPPING scroll of butterflies.
   678 | D:2      | Found a faded altar of an unknown god.
   689 | D:2      | Reached XP level 3. HP: 18/18 MP: 4/4
  1073 | D:2      | Noticed Natasha
  1087 | D:2      | Killed Natasha
  1088 | D:2      | Reached XP level 4. HP: 12/22 MP: 5/5
  1345 | D:2      | Noticed Natasha
  1348 | D:2      | Killed Natasha
  1611 | D:2      | Noticed Natasha
  1613 | D:2      | 1613 ||| FLEEEEING.
  1614 | D:2      | 1614 ||| FLEEEEING.
  1620 | D:2      | Killed Natasha
  1668 | D:2      | 1668 ||| UPGRADING to ring of protection from cold.
  1669 | D:2      | 1669 ||| READING scroll labelled PEUPSONINK.
  1670 | D:2      | 1670 ||| READING scroll labelled DYATAT YVIE.
  1712 | D:2      | 1712 ||| DRINKING 2 sedimented red potions.
  1787 | D:3      | Found a sacrificial altar of Ru.
  1805 | D:3      | Reached XP level 5. HP: 25/25 MP: 6/6
  2249 | D:3      | Found a runed translucent gate.
  2249 | D:3      | Found a runed translucent gate.
  2250 | D:3      | Found a runed translucent gate.
  2252 | D:3      | Noticed qw's ghost (amateur DEHu)
  2256 | D:3      | Identified the +6 short sword "Leviticus" {heavy, MP+9}
  2256 | D:3      | Identified the +2 ring mail of Chimes {rC- Int+6}
  2813 | D:3      | 2813 ||| READING scroll labelled UTHIESTRUILI.
  2813 | D:3      | 2813 ||| ENCHANTING +0 shortbow.
  2814 | D:3      | 2814 ||| READING scroll labelled GARCHA YNEKASM.
  2814 | D:3      | 2814 ||| IDENTIFYING smoky emerald potion
  2815 | D:3      | 2815 ||| DRINKING 3 blue potions.
  2816 | D:3      | 2816 ||| DRINKING 2 viscous green potions.
  2817 | D:3      | 2817 ||| DRINKING 2 black potions.
  2861 | D:4      | Found a staircase to the Ecumenical Temple.
  2862 | D:4      | 2862 ||| PLANNING TEMPLE
  2862 | D:4      | 2862 ||| READING scroll of identify.
  2862 | D:4      | 2862 ||| IDENTIFYING viscous ruby potion
  2873 | Temple   | Entered the Ecumenical Temple
  2874 | Temple   | 2874 ||| PLANNING OKAWARU WORSHIP
  2889 | Temple   | Became a worshipper of Warmaster Okawaru
  2890 | Temple   | 2890 ||| PLANNING D:1-11
  2947 | D:4      | 2947 ||| RETREEEEATING.
  2949 | D:4      | 2949 ||| RETREEEEATING.
  2950 | D:4      | 2950 ||| RETREEEEATING.
  2957 | D:4      | 2957 ||| RETREEEEATING.
  2958 | D:4      | 2958 ||| RETREEEEATING.
  2959 | D:4      | 2959 ||| RETREEEEATING.
  2961 | D:4      | 2961 ||| RETREEEEATING.
  2962 | D:4      | 2962 ||| RETREEEEATING.
  2963 | D:4      | 2963 ||| RETREEEEATING.
  2967 | D:4      | 2967 ||| RETREEEEATING.
  2971 | D:4      | HP: 5/26 [orc priest/divine providence (12)]
  2972 | D:4      | 2972 ||| READING scroll of teleportation.
  2972 | D:4      | Killed from afar by an orc priest

Levels and vault maps discovered:
D:1:      amcnicky_arrival_double_pillar, layout_basic, serial_corexii_hall,
          chequers_hall_statues_wall_a, chequers_hall_statues_wall_a
D:2:      layout_basic, ebering_ecumenical_altar_rust, uniq_natasha
D:3:      layout_basic, nicolae_ru_awakened_eye, biasface_ghost_orc_armoury,
          roderic_batcave, palyth_stone_intersect, minmay_misc_feat_doors,
          minmay_starry_boxes
D:4:      layout_basic, gammafunk_temple_overflow_pools,
          minmay_temple_entry_arrows
Temple:   eino_wide_crystal_templ

Skill      XL: |  1  2  3  4  5 |
---------------+----------------+-----
Dodging        | 3 4 5 |  5.3
Ranged Weapons | 5 |  5.9
Fighting       | 2 |  2.0
Stealth        | |  1.5

Action                     |  1- 3 |  4- 6 || total
---------------------------+-------+-------++-------
   Fire: Shortbow          |   100 |   158 ||   258
    Use: Scroll            |     2 |     6 ||     8
         Potion            |       |     4 ||     4
 Armour: Robe              |     9 |    20 ||    29
  Dodge: Dodged            |    28 |    89 ||   117

Table legend:
 A = Non-vault XP
 B = Vault XP
 C = Vault XP percentage of total XP
 D = Non-vault monster count
 E = Vault monster count
 F = Vault count percentage of total count
                 A         B        C        D         E       F
            +---------+---------+-------+---------+---------+-------
      Total |     262 |      74 |  22.0 |      65 |      17 |  20.7
            +---------+---------+-------+---------+---------+-------
        D:1 |      38 |       0 |   0.0 |      23 |       0 |   0.0
        D:2 |     117 |      35 |  23.0 |      21 |       1 |   4.5
        D:3 |      48 |      39 |  44.8 |      15 |      16 |  51.6
        D:4 |      59 |       0 |   0.0 |       6 |       0 |   0.0
            +---------+---------+-------+---------+---------+-------
